 Dungeon Crawl Stone Soup version 0.19.5 (webtiles) character file.

3696 Jerry the Blocker (level 10, -1/123 HPs)
             Began as a Formicid Fighter on Mar 11, 2017.
             Was an Initiate of Gozag.
             Slain by a hippogriff (2 damage)
             ... on level 10 of the Dungeon.
             The game lasted 00:27:03 (8787 turns).

Jerry the Blocker (Formicid Fighter)                Turns: 8787, Time: 00:27:04

Health: -1/123     AC: 32    Str: 21    XL:     10   Next: 35%
Magic:  10/10      EV:  2    Int: 11    God:    Gozag
Gold:   413        SH: 12    Dex: 15    Spells: 0 memorised, 9 levels left

rFire  . . .     SeeInvis .     s - +1 halberd (protect)
rCold  . . .     Gourm    .     (armour currently unavailable)
rNeg   + + +     Faith    .     c - +0 shield
rPois  +         Spirit   .     (helmet unavailable)
rElec  .         Reflect  .     (cloak currently unavailable)
rCorr  .         Harm     .     (gloves currently unavailable)
MR     +....                    (boots currently unavailable)
Stlth  ++........               (no amulet)
                                (no ring)
                                (no ring)

@: agile, lethally poisoned (-1 -> -2), tree-form, gold aura, protection aura
A: permanent stasis, dig shafts and tunnels, four strong arms, (antennae 0)
a: Potion Petition, Call Merchant, Bribe Branch, Renounce Religion


You were on level 10 of the Dungeon.
You worshipped Gozag.
Gozag was aware of your devotion.
You were not hungry.
You were a tree.
You visited 2 branches of the dungeon, and saw 11 of its levels.

You collected 739 gold pieces.
You spent 256 gold pieces at shops.
You paid 70 gold pieces to Gozag.

Inventory:

Hand Weapons
 a - a +1 war axe
 s - a +1 halberd of protection (weapon)
 y - a +3 flail of protection
Armour
 c - a +0 shield (worn)
 h - a +0 plate armour (melded)
 m - a +1 cloak (melded)
 r - a +0 pair of gloves (melded)
 w - a +0 pair of boots (melded)
Wands
 z - a wand of iceblast (2/15)
Scrolls
 b - a scroll of identify
 d - a scroll of enchant armour
 q - 5 scrolls of remove curse
 t - 2 scrolls of amnesia
 x - a scroll of enchant weapon
Potions
 e - a potion of lignification
 g - 2 potions of ambrosia {unknown}
 i - 4 potions of agility
 j - 2 potions of heal wounds {unknown}
 l - a potion of might
 n - a potion of beneficial mutation {unknown}
 o - 3 potions of magic {unknown}
 p - 3 potions of curing {unknown}
 u - 2 potions of degeneration {unknown}
 A - a potion of flight {unknown}
Books
 v - Sif Muna's Papyrus of Malediction
   (You found it on level 3 of the Dungeon)

   Spells                             Type                      Level
   a - Confusing Touch                Hexes                        1
Comestibles
 f - 2 bread rations
 k - 7 meat rations


   Skills:
 + Level 8.6 Fighting
 + Level 7.4 Axes
 + Level 8.4 Armour
 + Level 9.2 Shields


You had 9 spell levels left.
You didn't know any spells.

Dungeon Overview and Level Annotations

Branches:
Dungeon (10/15)            Temple (1/1) D:6
   Lair: D:8-11         Orc: D:9-12

Altars:
Ashenzari
Cheibriados
Dithmenos
Elyvilon
Fedhas
Gozag
Hepliaklqana
Kikubaaqudgha
Makhleb
Nemelex Xobeh
Qazlal
Ru
Sif Muna
Trog
Uskayaw
Vehumet
Xom
Yredelemnul
Zin
The Shining One

Shops:
D:6 ?   D:7 *   D:8 }

Annotations:
D:7 1 runed door


Innate Abilities, Weirdness & Mutations

You are under a permanent stasis effect.
You can dig through walls and to a lower floor.
Your four strong arms can wield two-handed weapons with a shield.
((You have a pair of large antennae on your head. (SInv)))


Message History

The two-headed ogre is distracted by the nearby gold.
The howler monkey is distracted by the nearby gold.
The two-headed ogre shouts in stereo!
The howler monkey howls!
You puncture the hippogriff!
The hippogriff is severely wounded.
The two-headed ogre is no longer distracted by gold.
The howler monkey is no longer distracted by gold.
The worker ant bites you but does no damage.
The hippogriff bites you but does no damage.
The hippogriff pecks you but does no damage.
The hippogriff completely misses you. You block the howler monkey's attack.
The worker ant bites you but does no damage.
You hit the hippogriff but do no damage.
The hippogriff is severely wounded.
You feel sick. The hippogriff bites you.
* * * LOW HITPOINT WARNING * * *
The hippogriff pecks you but does no damage.
The hippogriff claws you.
You die...
Your body crumbles into a pile of gold.

#.#.##.# ....
.......# ....
#.#.#..# ...$.
....... ..#..
##....
......#...# ##
....<.#...##....
......$$H...O...
##.#..♣h.......
#.$$a.......
#.......#...
.........# .$
............ #
......#........
..#+#.#........
(. #.#...##...


You could see a hippogriff, a two-headed ogre, a howler monkey and a worker ant.

Vanquished Creatures
  Pikel (D:7)
  A hippogriff (D:9)
  Eustachio (D:5)
  A warg (D:9)
  Edmund (D:5)
  Duvessa (D:4)
  4 slaves (D:6)
  An ice beast (D:10)
  A sky beast (D:4)
  An orc warrior (D:10)
  3 phantoms
  An ogre (D:4)
  A centaur (D:8)
  2 bullfrogs (D:6)
  Dowan (D:4)
  2 scorpions (D:7)
  A wyvern skeleton (D:7)
  6 killer bees (D:8)
  9 howler monkeys
  A crimson imp (D:5)
  3 orc priests
  3 hounds
  A bullfrog skeleton (D:6)
  4 iguanas
  8 orc wizards
  6 worker ants
  2 worker ant zombies
  Robin (D:3)
  4 gnolls
  6 adders
  A shadow imp (D:8)
  An ooze (D:3)
  An adder zombie (D:5)
  2 worms
  A dart slug (D:3)
  6 leopard geckos
  29 orcs
  3 giant cockroaches
  9 goblins
  12 hobgoblins
  9 jackals
  A kobold (D:2)
  2 quokkas
  2 bats
  5 frilled lizards
  2 jackal skeletons
  A jackal zombie (D:8)
  7 rats
172 creatures vanquished.

Vanquished Creatures (others)
  5 fungi (D:8)
5 creatures vanquished.

Grand Total: 177 creatures vanquished

Notes
Turn   | Place    | Note
-------+----------+-------------------------------------------
     0 | D:1      | Jerry the Formicid Fighter began the quest for the Orb.
     0 | D:1      | Reached XP level 1. HP: 18/18 MP: 1/1
   348 | D:1      | Reached XP level 2. HP: 24/24 MP: 2/2
   978 | D:2      | Reached XP level 3. HP: 30/30 MP: 3/3
  1112 | D:2      | Reached skill level 4 in Shields
  1413 | D:3      | Noticed Robin
  1440 | D:3      | Reached XP level 4. HP: 34/37 MP: 4/4
  1454 | D:3      | Killed Robin
  1904 | D:3      | Reached XP level 5. HP: 25/42 MP: 5/5
  2140 | D:3      | Found a stormy altar of Qazlal.
  2274 | D:3      | Found a deep blue altar of Sif Muna.
  2314 | D:3      | Reached XP level 6. HP: 47/49 MP: 6/6
  2334 | D:3      | Identified Sif Muna's Papyrus of Malediction
  2493 | D:4      | Noticed a sky beast
  2616 | D:4      | Noticed an ogre
  2628 | D:4      | Killed an ogre
  2628 | D:4      | Reached skill level 5 in Shields
  2809 | D:4      | Reached XP level 7. HP: 55/55 MP: 7/7
  3079 | D:4      | Noticed Duvessa
  3090 | D:4      | Reached skill level 5 in Armour
  3097 | D:4      | Killed Duvessa
  3097 | D:4      | Reached skill level 5 in Fighting
  3103 | D:4      | Noticed Dowan
  3119 | D:4      | Killed Dowan
  3641 | D:4      | Reached skill level 6 in Shields
  3679 | D:4      | Found a sacrificial altar of Ru.
  3703 | D:4      | Reached XP level 8. HP: 45/63 MP: 8/8
  4207 | D:5      | Entered Level 5 of the Dungeon
  4296 | D:5      | Noticed Edmund
  4315 | D:5      | Killed Edmund
  4439 | D:5      | Noticed Eustachio
  4484 | D:5      | Killed Eustachio
  4484 | D:5      | Reached skill level 5 in Axes
  4876 | D:6      | Found Laeffamm's Magic Scroll Boutique.
  4894 | D:6      | Reached skill level 7 in Shields
  4896 | D:6      | Bought a scroll of identify for 22 gold pieces
  4896 | D:6      | Bought a scroll of identify for 22 gold pieces
  4896 | D:6      | Bought a scroll of identify for 22 gold pieces
  4896 | D:6      | Bought a scroll of identify for 22 gold pieces
  5241 | D:6      | Found a staircase to the Ecumenical Temple.
  5246 | Temple   | Entered the Ecumenical Temple
  5571 | Temple   | Became a worshipper of Gozag Ym Sagoz the Greedy
  5658 | D:6      | Reached XP level 9. HP: 71/71 MP: 9/9
  5942 | D:7      | Noticed Pikel
  6293 | D:7      | Killed Pikel
  6487 | D:7      | Found a white marble altar of Elyvilon.
  6487 | D:7      | Noticed an angel
  6488 | D:7      | Found a runed door.
  6550 | D:7      | Found Mogiupul's Assorted Antiques.
  6558 | D:7      | Bought a dented ruby amulet for 120 gold pieces
  6558 | D:7      | Bought a scroll of identify for 48 gold pieces
  6673 | D:7      | Reached skill level 8 in Shields
  7462 | D:8      | Found Xoaz Jet's Gadget Shoppe.
  7486 | D:8      | Reached XP level 10. HP: 41/80 MP: 10/10
  8485 | D:9      | Reached skill level 9 in Shields
  8500 | D:10     | Entered Level 10 of the Dungeon
  8785 | D:10     | HP: 6/123 [poisoned by a worker ant]
  8787 | D:10     | HP: 1/123 [hippogriff (5)]
  8787 | D:10     | Slain by a hippogriff

Skill      XL: |  1  2  3  4  5  6  7  8  9 10 |
---------------+-------------------------------+-----
Shields        | 4 5 6 7 8 9 |  9.2
Fighting       | 4 5 6 8 |  8.6
Armour         | 4 5 6 7 8 |  8.4
Axes           | 3 4 5 6 7 |  7.4

Action                   |  1- 3 |  4- 6 |  7- 9 | 10-12 || total
-------------------------+-------+-------+-------+-------++-------
Melee: War axe           |    61 |   194 |   184 |       ||   439
       Flail             |       |       |   252 |       ||   252
       Halberd           |       |       |   119 |   171 ||   290
 Abil: Dig               |     1 |     4 |     4 |       ||     9
  Use: Scroll            |     3 |     2 |    12 |       ||    17
       Potion            |       |       |     2 |     2 ||     4
 Stab: Distracted        |       |       |     1 |       ||     1
  Eat: Chunk             |     2 |     5 |    11 |       ||    18
       Pizza             |       |       |     2 |       ||     2
       Fruit             |       |       |     1 |       ||     1
       Beef jerky        |       |       |     1 |       ||     1
       Bread ration      |       |       |       |     1 ||     1
       Royal jelly       |       |       |       |     1 ||     1
Armor: Scale mail        |    12 |       |       |       ||    12
       Chain mail        |    18 |       |       |       ||    18
       Plate armour      |       |   119 |   365 |   168 ||   652
       Skin              |       |       |       |    31 ||    31
Dodge: Dodged            |    14 |    24 |   134 |    72 ||   244
Block: Shield            |    29 |    97 |   328 |   157 ||   611
